 Dungeon Sprint DCSS version 0.31-a0-845-g9abc20d24f (webtiles) character file.

Game seed: 14517038626016447317

313 Danienth the Skirmisher (level 6, -11/39 HPs)
             Began as an Octopode Brigand on Oct 2, 2023.
             Was a Believer of Dithmenos.
             Shot with a bolt by a yaktaur (27 damage)
             ... in the Dungeon (Sprint V: "Ziggurat Sprint").
             The game lasted 00:06:48 (111 turns).

Danienth the Skirmisher (Octopode Brigand)           Turns: 111, Time: 00:06:49

Health: -11/39     AC:  1    Str: 22    XL:     6   Next: 43%
Magic:  6/6        EV: 13    Int: 32    God:    Dithmenos [**....]
Gold:   0          SH:  0    Dex: 27    Spells: 5/5 levels left

rFire   . . .        C - +27 heavy crossbow "Sniper" {heavy, Acc+∞ SInv}
rCold   . . .        (shield currently unavailable)
rNeg    . . .        (helmet restricted)
rPois   .            D - amulet of magic regeneration
rElec   .            u - +6 ring of dexterity
rCorr   .            v - +6 ring of dexterity
SInv    +            w - +6 ring of intelligence
Will    .....        y - +6 ring of strength
Stlth   ++++++       z - +6 ring of strength
HPRegen 0.26/turn    x - +6 ring of intelligence
MPRegen 0.50/turn    t - ring of flight
                     E - +6 ring of intelligence

%: no teleportation
@: flying, wreathed by umbra
A: almost no armour, amphibious, 8 rings, camouflage 1, gelatinous body 1,
(nimble swimmer 1), tentacles
a: Renounce Religion, Shadow Step


You were in the Dungeon.
You worshipped Dithmenos.
Dithmenos was pleased with you.
You visited 1 branch

Inventory:

Hand Weapons
 a - a +2 dagger
 A - the +8 storm bow {elec, penet}
   (You found it in the Dungeon)
 B - the +9 sword of Zonguldrok {reap}
   (You found it in the Dungeon)
 C - the +27 heavy crossbow "Sniper" (weapon) {heavy, Acc+∞ SInv}
   (You found it in the Dungeon)

   Acc+∞: It never misses its target.
   SInv:      It lets you see invisible.
Missiles
 b - 9 poisoned darts
 c - 3 curare-tipped darts
Jewellery
 t - a ring of flight (on tentacle)
 u - a +6 ring of dexterity (left tentacle)
 v - a +6 ring of dexterity (right tentacle)
 w - a +6 ring of intelligence (on tentacle)
 x - a +6 ring of intelligence (on tentacle)
 y - a +6 ring of strength (on tentacle)
 z - a +6 ring of strength (on tentacle)
 D - an amulet of magic regeneration (around mantle)
 E - a +6 ring of intelligence (on tentacle)
 F - an amulet of regeneration
Wands
 r - a wand of mindburst (11)
 s - a wand of acid (7)
Scrolls
 i - 4 scrolls of blinking
 m - 4 scrolls of amnesia
 o - 7 scrolls of fog
 p - 5 scrolls of identify
 q - 2 scrolls of fear
Potions
 d - 10 potions of curing
 e - 10 potions of heal wounds
 f - 6 potions of haste
 g - 7 potions of magic
 h - 3 potions of berserk rage
 j - 2 potions of brilliance
 k - 2 potions of invisibility
 l - 4 potions of resistance
 n - 5 potions of might
Miscellaneous
 G - a box of beasts


   Skills:
 - Level 2.0 Fighting
 - Level 7.7 Short Blades
 * Level 11.5 Ranged Weapons
 - Level 2.0 Throwing
 - Level 1.0 Dodging
 - Level 5.3 Stealth


You had 5 spell levels left.
You didn't know any spells.
Your spell library contained the following spells:

 Spells                   Type           Power      Damage    Failure   Level
 Momentum Strike          Conj/Tloc      0%         3d8       13%         2
 Summon Lightning Spire   Summ/Air       0%         N/A       63%         4
 Disjunction              Tloc           0%         N/A       100%        8


Dungeon Overview and Level Annotations

Branches:
Dungeon (1/1)

Altars:
Ashenzari
Cheibriados
Dithmenos
Elyvilon
Fedhas
Gozag
Hepliaklqana
Kikubaaqudgha
Makhleb
Nemelex Xobeh
Okawaru
Qazlal
Ru
Sif Muna
Trog
Uskayaw
Vehumet
Wu Jian
Xom
Yredelemnul
Zin
The Shining One
Jiyva
Lugonu

Annotations:
D 1 transporter


Innate Abilities, Weirdness & Mutations

You cannot wear most types of armour.
You are amphibious.
You can wear up to eight rings at the same time.
Your skin changes colour to match your surroundings (Stealth+).
Your rubbery body absorbs attacks. (AC +1, EV +1)
((You are camouflaged when in or above water. (Stealth+)))
You have tentacles for arms and can constrict up to eight enemies at once.


Message History

The jackal barely misses you. The jackal misses you. The jackal bites you.
The jackal closely misses you.
Fire: C) +27 heavy crossbow "Sniper" {heavy, Acc+∞ SInv}
Press: ? - help, Q - select action, (/) - cycle Shift-Dir - straight line, f - jackal
Aim: a jackal (umbra, 100% to hit)
You shoot a bolt. The bolt hits the jackal!!!!
You kill the jackal!
Dithmenos accepts your kill.
Fire: C) +27 heavy crossbow "Sniper" {heavy, Acc+∞ SInv}
Press: ? - help, Q - select action, (/) - cycle Shift-Dir - straight line, f - you
Okay, then.
Things that are here:
an iguana corpse; a wolf corpse You see here the +2 scale mail of the Original Sin {rPois Int+3}.
You pick up the Dissertation on Space and Generation and begin reading...
You add the spells Momentum Strike, Summon Lightning Spire and Disjunction to your library.
You see here a box of beasts.
G - a box of beasts You see here a +3 eveningstar of venom.
You can't go down here!
There is a transporter here.
Welcome to arena 4.
You enter the transporter and appear at another place.
A centaur and 3 yaktaurs come into view.
The centaur shouts!
The yaktaur shouts!
The centaur wields a +0 orcbow.
The centaur shoots an arrow.
The arrow hits you.
The yaktaur wields a +0 arbalest.
The yaktaur shoots a bolt.
The bolt closely misses you.
The centaur shoots an arrow.
The arrow closely misses you.
The yaktaur shouts!
Found four items.
Found a transporter.
Fire: C) +27 heavy crossbow "Sniper" {heavy, Acc+∞ SInv}
Press: ? - help, Q - select action, (/) - cycle Shift-Dir - straight line, f - yaktaur
Aim: a yaktaur, wielding a +0 arbalest (100% to hit)
You shoot a bolt. The bolt hits the yaktaur!
The yaktaur is moderately wounded.
The centaur shoots an arrow.
The arrow hits you!
The yaktaur shoots a bolt.
The bolt hits you!
The yaktaur shoots a bolt.
The bolt hits you!!
Ouch! That really hurt!
You die...

▓..©..▓..©..▓▓▓▓▓▓▓
▓▓▓▓▓▓▓▓▓▓▓▓▓▓
▓..8©8...▓
▓..=c!...▓
▓...c....▓
▓..c.c...▓
........▓
▓.▓....▓.▓
▓...@....▓
▓▓▓▓▓▓▓▓▓▓


You could see 3 yaktaurs and a centaur.

Vanquished Creatures
  A wolf (D)
  3 scorpions (D)
  2 iguanas (D)
  2 orcs (D)
  A jackal (D)
9 creatures vanquished.

Notes
Turn   | Place    | Note
-------+----------+-------------------------------------------
     0 | D        | Danienth the Octopode Brigand began the quest for the Orb.
     0 | D        | Reached XP level 1. HP: 14/14 MP: 1/1
     0 | D        | Found a shimmering blue altar of Sif Muna.
     0 | D        | Found a sacrificial altar of Ru.
     0 | D        | Found a bloodstained altar of Trog.
     0 | D        | Found a stormy altar of Qazlal.
     0 | D        | Found an iron altar of Okawaru.
     0 | D        | Found a sparkling altar of Nemelex Xobeh.
     0 | D        | Found a blossoming altar of Fedhas.
     0 | D        | Found the +6 Majin-Bo {spellvamp, MP+6 Int+6}
     0 | D        | Found the +27 heavy crossbow "Sniper" {heavy, Acc+∞ SInv}
     0 | D        | Found the +10 dark maul {heavy}
     0 | D        | Found the +15 Maxwell's patent armour {-Cast -Tele rElec
                  | Will+ rCorr}
     0 | D        | Found the +18 shield of the Gong {Loud rN+ Will+ rCorr
                  | EV-5}
     0 | D        | Found the +16 obsidian axe {drain, demonic, Mesm Drain Fly
                  | SInv}
     0 | D        | Found the +7 great mace "Firestarter" {flame, immolate,
                  | rFlCloud rF++}
     0 | D        | Found the +6 shillelagh "Devastator" {shatter}
     0 | D        | Found the +11 plutonium sword {Contam Stlth-}
     0 | D        | Found the +8 lance "Wyrmbane" {slay drac, rPois rF+ rC+
                  | AC+3}
     0 | D        | Found the +9 sword of Zonguldrok {reap}
     0 | D        | Found the +13 scythe of Curses {drain, curses, Drain}
     0 | D        | Found the +9 sword of Power {lifebolt}
     0 | D        | Found the +7 mace of Variability {chaos, chaos arc}
     0 | D        | Found the +11 Singing Sword {sonic wave}
     0 | D        | Found the +8 storm bow {elec, penet}
     2 | D        | Reached XP level 2. HP: 19/19 MP: 2/2
     3 | D        | Found a transporter.
     3 | D        | Found an ancient bone altar of Kikubaaqudgha.
     3 | D        | Found a viscous altar of Jiyva.
     3 | D        | Found a corrupted altar of Lugonu.
     3 | D        | Found a hazy altar of Hepliaklqana.
     3 | D        | Found a burning altar of Makhleb.
     3 | D        | Found an opulent altar of Gozag.
    53 | D        | Became a worshipper of Dithmenos the Shadowed
    62 | D        | Entered arena 2.
    62 | D        | Found a transporter.
    65 | D        | Reached skill level 1 in Ranged Weapons
    76 | D        | Entered arena 3.
    76 | D        | Noticed a scorpion
    76 | D        | Noticed a scorpion
    76 | D        | Noticed a scorpion
    76 | D        | Found a transporter.
    77 | D        | Killed a scorpion
    77 | D        | Reached * piety under Dithmenos
    78 | D        | Reached skill level 5 in Ranged Weapons
    78 | D        | Reached XP level 3. HP: 22/24 MP: 3/3
    78 | D        | Reached XP level 4. HP: 27/29 MP: 4/4
    78 | D        | Killed a scorpion
    79 | D        | Reached skill level 7 in Ranged Weapons
    79 | D        | Reached XP level 5. HP: 33/34 MP: 5/5
    80 | D        | Reached skill level 9 in Ranged Weapons
    94 | D        | Entered arena 4.
    94 | D        | Noticed a wolf
    94 | D        | Found a transporter.
    95 | D        | Reached ** piety under Dithmenos
    96 | D        | Killed a wolf
    97 | D        | Reached skill level 11 in Ranged Weapons
    97 | D        | Reached XP level 6. HP: 36/39 MP: 6/6
   105 | D        | Got the Dissertation on Space and Generation
   110 | D        | Entered arena 5.
   110 | D        | Noticed a yaktaur
   110 | D        | Noticed a yaktaur
   110 | D        | Noticed a yaktaur
   110 | D        | Found a transporter.
   111 | D        | Shot with a bolt by a yaktaur

Illustrated notes

Levels and vault maps discovered:
D:        sprint_v [room_start, room_1, room_2, room_3, room_4, room_5, room_6,
          room_7, room_8, room_9, room_10, room_11, room_12, room_13, room_14,
          room_15, room_16, room_17, room_18, room_19, room_20, room_21,
          room_22, room_23, room_24, room_25, room_26, room_27]

Skill      XL: |  1  2  3  4  5 |
---------------+----------------+-----
Short Blades   | 7 |  7.7
Ranged Weapons | 5 7 11 | 11.5
Fighting       | |  2.0
Throwing       | |  2.0
Dodging        | |  1.0
Stealth        | |  5.3

Action                     |  1- 3 |  4- 6 || total
---------------------------+-------+-------++-------
   Fire: Heavy crossbow    |     3 |     8 ||    11
    Use: Potion            |     1 |       ||     1
 Armour: Skin              |     1 |     7 ||     8
  Dodge: Dodged            |     1 |    18 ||    19

Table legend: (Time is in decaauts)
 A = Elapsed time spent in this place.
 B = Non-inter-level travel time spent in this place.
 C = Inter-level travel time spent in this place.
 D = Time resting spent in this place.
 E = Time spent auto-exploring this place.
 F = Levels seen in this place.
 G = Mean time per level.
                   A        B        C        D        E       F      G
               +--------+--------+--------+--------+--------+-----+--------+
         Total |    128 |     83 |     45 |      0 |     13 |   1 |  128.0 |
       Dungeon |    128 |     83 |     45 |      0 |     13 |   1 |  128.0 |
               +--------+--------+--------+--------+--------+-----+--------+

Top non-repeatable levels by time:
       D: 128 daAuts
